 Dungeon Crawl Stone Soup version 0.31-a0-859-g9dce7d3444 (webtiles) character file.

Game seed: 6882203384031446192

1834528 Gladio the Conqueror (level 24, 249/249 HPs)
             Began as a Minotaur Fighter on Oct 10, 2023.
             Was a High Priest of Okawaru.
             Escaped with the Orb
             ... and 3 runes!
             The game lasted 02:58:07 (54238 turns).

Gladio the Conqueror (Minotaur Fighter)            Turns: 54238, Time: 02:58:07

Health: 249/249    AC: 47    Str: 47    XL:     24   Next: 63%
Magic:  31/31      EV: 16    Int:  8    God:    Okawaru [*****.]
Gold:   1609       SH: 27    Dex: 13    Spells: 23/23 levels left

rFire   + . .        a - +9 broad axe (elec)
rCold   . . .        D - +5 tower shield
rNeg    + . .        L - +10 plate armour "Edim" {Str+3}
rPois   +            (helmet restricted)
rElec   .            K - +2 cloak {rCorr}
rCorr   +            f - +5 pair of gloves of the Forsaken Ziggurats {rPois Will+ Str+2}
SInv    .            J - +2 pair of boots {rampage}
Will    ++...        Z - amulet of regeneration Stlth
                     U - ring "Ylez" {rF+ Str+6 Stlth+}
HPRegen 1.41/turn    m - ring of Qodgh {rN+ rCorr Str+7 Int-3 Dex+3}
MPRegen 0.22/turn

%: rampage
@: studying Dodging
A: horns 2, retaliatory headbutt, claws 1, iridescent scales 1, clever 1
0: Orb of Zot
}: 3/15 runes: serpentine, barnacled, silver
a: Renounce Religion, Heroism, Finesse, Duel


You escaped.
You worshipped Okawaru.
Okawaru was extremely pleased with you.
You visited 10 branches of the dungeon, and saw 47 of its levels.
You visited the Abyss 2 times.
You also visited: Ossuary, Bailey, Gauntlet, Ice Cave and Wizlab.

You collected 8047 gold pieces.
You spent 6438 gold pieces at shops.

Inventory:

Hand Weapons
 a - a +9 broad axe of electrocution (weapon)
Missiles
 y - 36 silver javelins (quivered)
 F - 12 javelins
 M - 5 throwing nets
Armour
 f - the +5 pair of gloves of the Forsaken Ziggurats (worn) {rPois Will+ Str+2}
   (You bought it in a shop on level 10 of the Dungeon)

   Str+2:     It affects your strength (+2).
   rPois:     It protects you from poison Will+: It increases your willpower.
 g - a +2 hat of see invisible
 k - +0 gold dragon scales
 D - a +5 tower shield (worn)
 J - a +2 pair of boots of rampaging (worn)
 K - a +2 cloak of preservation (worn)
 L - the +10 plate armour "Edim" (worn) {Str+3}
   (You took it off a minotaur in a Gauntlet)

   Str+3:     It affects your strength (+3).
Jewellery
 b - the ring "Uxagheuk" {rElec rC+ Str-3 Dex+4}
   (You found it in an ice cave)

   [ring of protection from cold]

   Str-3:     It affects your strength (-3).
   Dex+4:     It affects your dexterity (+4).
   rC+:       It protects you from cold.
   rElec:     It insulates you from electricity.
 m - the ring of Qodgh (right hand) {rN+ rCorr Str+7 Int-3 Dex+3}
   (You acquired it in a Gauntlet)

   [ring of resist corrosion]

   Str+7:     It affects your strength (+7).
   Int-3:     It affects your intelligence (-3).
   Dex+3:     It affects your dexterity (+3).
   rN+:       It protects you from negative energy.
   rCorr:     It protects you from acid and corrosion.
 t - the ring of Coro {Wiz rF+ rC+++ Dex-4}
   (You found it in a Gauntlet)

   [ring of wizardry]

   Wiz:       It improves your spell success rate.
   Dex-4:     It affects your dexterity (-4).
   rF+:       It protects you from fire.
   rC+++:     It renders you almost immune to cold.
 H - a ring of fire
 I - the amulet "Udaumu" {Acrobat rF+ Stlth+}
   (You found it in an ice cave)

   [amulet of the acrobat]

   Acrobat:   It increases your evasion while moving and waiting.
   rF+:       It protects you from fire.
   Stlth+:    It makes you more stealthy.
 U - the ring "Ylez" (left hand) {rF+ Str+6 Stlth+}
   (You acquired it on level 10 of the Dungeon)

   [ring of strength]

   Str+6:     It affects your strength (+6).
   rF+:       It protects you from fire.
   Stlth+:    It makes you more stealthy.
 X - a ring of see invisible
 Z - an amulet of regeneration (around neck)
Wands
 c - a wand of digging (12)
 n - a wand of iceblast (42)
 w - a wand of paralysis (69)
 G - a wand of flame (54)
 Q - a wand of mindburst (26)
 T - a wand of quicksilver (44)
Scrolls
 i - 12 scrolls of identify
 o - 6 scrolls of revelation
 p - 3 scrolls of blinking
 q - 10 scrolls of teleportation
 v - 8 scrolls of fog
 A - 5 scrolls of enchant weapon
 E - 3 scrolls of noise
 O - 7 scrolls of poison
 P - 8 scrolls of silence
 R - 4 scrolls of brand weapon
 S - 3 scrolls of torment
 W - 5 scrolls of fear
 Y - 6 scrolls of immolation
Potions
 d - 12 potions of might
 e - 7 potions of enlightenment
 h - 4 potions of resistance
 j - a potion of heal wounds
 r - 4 potions of mutation
 s - 5 potions of berserk rage
 u - 3 potions of attraction
 x - 10 potions of haste
 z - a potion of cancellation
 B - 34 potions of curing
 C - 5 potions of invisibility
 N - 5 potions of ambrosia
 V - 6 potions of lignification
Miscellaneous
 l - a tin of tremorstones (2/2)


   Skills:
 O Level 27 Fighting
 - Level 20.1 Axes
 + Level 16.5 Throwing
 + Level 23.2 Armour
 + Level 16.3 Dodging
 + Level 22.9 Shields
 - Level 12.0 Invocations


You had 23 spell levels left.
You didn't know any spells.
Your spell library contained the following spells:

 Spells                   Type           Power      Damage    Failure   Level
 Apportation              Tloc           0%         N/A       75%         1
 Foxfire                  Conj/Fire      0%         2x1d4     75%         1
 Kiss of Death            Conj/Necr      0%         2d5       75%         1
 Necrotise                Necr           0%         1d4       75%         1
 Sandblast                Erth           0%         2d4       75%         1
 Slow                     Hex            0%         N/A       75%         1
 Sting                    Tmut/Pois      0%         1d3       75%         1
 Blink                    Tloc           0%         N/A       86%         2
 Cigotuvi's Dreadful Rot  Necr/Pois/Air  0%         N/A       86%         2
 Ensorcelled Hibernation  Hex/Ice        0%         N/A       86%         2
 Jinxbite                 Hex            0%         N/A       86%         2
 Lesser Beckoning         Tloc           0%         N/A       86%         2
 Momentum Strike          Conj/Tloc      0%         3d8       86%         2
 Passwall                 Tmut/Erth      0%         N/A       86%         2
 Poisonous Vapours        Pois/Air       0%         N/A       86%         2
 Scorch                   Fire           0%         2d5       86%         2
 Confusing Touch          Hex            0%         N/A       98%         3
 Dazzling Flash           Conj/Hex       0%         N/A       98%         3
 Ignite Poison            Fire/Tmut/Pois 0%         N/A       98%         3
 Inner Flame              Hex/Fire       0%         N/A       98%         3
 Mephitic Cloud           Conj/Pois/Air  0%         N/A       98%         3
 Ozocubu's Armour         Ice            0%         N/A       98%         3
 Sigil of Binding         Hex            0%         N/A       98%         3
 Stone Arrow              Conj/Erth      0%         3d7       98%         3
 Swiftness                Air            0%         N/A       98%         3
 Vampiric Draining        Necr           0%         2d6       98%         3
 Volatile Blastmotes      Fire/Tloc      0%         2d10      98%         3
 Anguish                  Hex/Necr       0%         N/A       100%        4
 Brom's Barrelling Bould  Conj/Erth      0%         2d3       100%        4
 Dispel Undead            Necr           0%         3d6       100%        4
 Flame Wave               Conj/Fire      0%         2d4       100%        4
 Fulminant Prism          Conj/Hex       0%         3d5       100%        4
 Manifold Assault         Tloc           0%         N/A       100%        4
 Olgreb's Toxic Radiance  Pois           0%         N/A       100%        4
 Passage of Golubria      Tloc           0%         N/A       100%        4
 Sticky Flame             Conj/Fire      0%         2d3       100%        4
 Vhi's Electric Charge    Tloc/Air       0%         N/A       100%        4
 Agony                    Necr           0%         N/A       100%        5
 Arcjolt                  Conj/Air       0%         1d10      100%        5
 Fireball                 Conj/Fire      0%         3d3       100%        5
 Freezing Cloud           Conj/Ice/Air   0%         6-21      100%        5
 Iskenderun's Battlesphe  Conj           0%         2d6       100%        5
 Lee's Rapid Deconstruct  Erth           0%         3d4*      100%        5
 Metabolic Englaciation   Hex/Ice        0%         N/A       100%        5
 Silence                  Hex/Air        0%         N/A       100%        5
 Yara's Violent Unravell  Hex/Tmut       0%         3d3       100%        5
 Conjure Ball Lightning   Conj/Air       0%         3x3d6     100%        6
 Dispersal                Tloc           0%         N/A       100%        6
 Plasma Beam              Fire/Air       0%         2x1d10    100%        6
 Starburst                Conj/Fire      0%         6d3       100%        6
 Orb of Destruction       Conj           0%         9d5       100%        7
 Ozocubu's Refrigeration  Ice            0%         4d7       100%        7
 Discord                  Hex            0%         N/A       100%        8
 Disjunction              Tloc           0%         N/A       100%        8
 Ignition                 Fire           0%         3d3       100%        8
 Lehudib's Crystal Spear  Conj/Erth      0%         10d2      100%        8
 Maxwell's Capacitive Co  Air            0%         ∞         100%        8
 Chain Lightning          Conj/Air       0%         N/A       100%        9
 Fire Storm               Conj/Fire      0%         5d1       100%        9
 Polar Vortex             Ice            0%         N/A       100%        9
 Shatter                  Erth           0%         3d5*      100%        9
 Summon Small Mammal      Summ           Unusable   N/A       N/A         1
 Tukima's Dance           Hex            Unusable   N/A       N/A         3
 Animate Armour           Summ/Erth      Unusable   N/A       N/A         4
 Summon Lightning Spire   Summ/Air       Unusable   N/A       N/A         4
 Death Channel            Necr           Unusable   N/A       N/A         6
 Simulacrum               Ice/Necr       Unusable   N/A       N/A         6
 Summon Cactus Giant      Summ           Unusable   N/A       N/A         6

Dungeon Overview and Level Annotations

Branches:
Dungeon (15/15)            Temple (1/1) D:4            Lair (5/5) D:11
 Shoals (4/4) Lair:3        Snake (4/4) Lair:3        Slime (0/5) Lair:4
    Orc (2/2) D:10            Elf (2/3) Orc:2        Vaults (5/5) D:14
  Crypt (0/3) Vaults:3     Depths (4/4) D:15            Zot (5/5) Depths:4
Ossuary (visited)          Bailey (visited)           IceCv (visited)
 WizLab (visited)         Gauntlet (visited)

Altars:
Ashenzari
Cheibriados
Dithmenos
Elyvilon
Fedhas
Gozag
Hepliaklqana
Kikubaaqudgha
Makhleb
Nemelex Xobeh
Okawaru
Qazlal
Ru
Sif Muna
Trog
Uskayaw
Vehumet
Wu Jian
Xom
Yredelemnul
Zin
The Shining One
Jiyva
Lugonu

Shops:
D:6 :   D:8 *   D:10 [   Orc:2 ?(!?   Elf:2 !   Shoals:1 :   Snake:3 ?
Vaults:2 *   Vaults:4 (   Vaults:5 [!??(???[!!!   Depths:1 **

Portals:
Hell: Depths:1 Depths:2 Depths:3 Depths:4
Abyss: Shoals:1 Depths:3
Pandemonium: Depths:2
Ziggurat: Depths:3
Trove: D:14 (give 2 scrolls of acquirement)

Annotations:
D:7 1 exclusion
Lair:2 exclusion: orange crystal statue
Snake:2 1 runed translucent door, Kaxkokue's ghost, adept DrCj
Elf:2 3 runed translucent doors
Depths:3 exclusion: 3 daevas
Zot:5 4 transporters, 5 exclusions


Innate Abilities, Weirdness & Mutations

You have a pair of horns on your head.
You reflexively headbutt those who attack you in melee.
You have sharp fingernails.
You are partially covered in iridescent scales. (AC +2)
Your mind is acute. (Int +4, Str/Dex -1)


Message History

There is a stone staircase leading up here.
You climb upwards.
There is a stone staircase leading down here.
What level of the Dungeon? (default 6, ? - help)
You see here a +0 spear.
Items here: )))))) [[[.
There is a stone staircase leading up here.
You climb upwards.
There is a stone staircase leading down here.
You see here a +0 club.
There is a stone staircase leading up here.
You climb upwards.
There is a stone staircase leading down here.
There is a stone staircase leading up here.
You climb upwards.
There is a stone staircase leading down here.
You see here a +0 dire flail.
There is a stone staircase leading up here.
You climb upwards.
There is a stone staircase leading down here.
A green death comes into view.
You rampage towards the green death!
You slice the green death!! Your headbutt misses the green death.
The green death is heavily wounded.
You hit the green death.
Lightning courses through the green death!
The green death is severely wounded.
You block the green death's attack.
You slash the green death!
You headbutt the green death, but do no damage.
The green death is almost dead.
You block the green death's attack.
You slash the green death!
You kill the green death!
Okawaru accepts your kill.
No target in view!
There is an open door here.
There is a staircase leading out of the dungeon here.
You can't go down here!
You have escaped!

##...........#........# #
#...#######..#........# ##
#..##.....##..........# #.
##.##.......##.........# #.
#..#.........#.........# #.
#..#.........#....###### ##
#..#......###'###..#### #
#..#.....##..#..##....### #
#..#....##.@.#...##.....####
#..##...#.>.##....#.#.......
#...##..#..##.....#.#...####
#####....###'###......#.#..##
#...........#.........#....#
#.##.##.....#.........#.>.##
##.##.##.....##.......##..##
......##.#....##.....##...#
##.#####.##....#######....#
###


There were no monsters in sight!

Vanquished Creatures
  5 dread liches
  2 orbs of fire
  3 ancient liches (Zot:5)
  Mara (Depths:3)
  A juggernaut (Depths:4)
  2 Killer Klowns (Zot:5)
  Boris (Depths:4)
  Vv (Depths:3)
  Vashnia (Snake:3)
  Xtahua (Depths:3)
  2 curse toes
  A caustic shrike (Depths:4)
  13 golden dragons
  A Hellbinder (Arena)
  4 bone dragons
  An electric golem (Zot:5)
  Jorgrun (Snake:3)
  Rupert (Arena)
  9 tentacled monstrosities
  3 liches
  14 Orb Guardians (Zot:5)
  A quicksilver dragon (shapeshifter) (Depths:4)
  7 quicksilver dragons
  4 sphinxes
  A walking divine tome (Depths:3)
  6 titans
  A walking frostbound tome (Depths:1)
  A walking earthen tome (Depths:4)
  12 death cobs
  2 tentacled starspawn (Abyss:2)
  8 storm dragons
  Ilsuiw (Shoals:3)
  Donald (Orc:2)
  6 tengu reavers
  3 draconian monks
  11 fire giants
  5 shadow dragons
  3 nagarajas (Snake:4)
  5 draconian knights
  7 draconian scorchers
  4 frost giants
  4 deep elf sorcerers
  2 iron dragons
  3 balrugs
  17 vault wardens
  7 draconian shifters
  A cacodemon (WizLab)
  14 ironbound preservers
  4 spectral caustic shrikes (Depths:1)
  An angel (D:6)
  3 draconian stormcallers
  25 very ugly things
  A demonspawn blood saint (WizLab)
  3 ghost moths
  A draconian annihilator (Zot:1)
  13 stone giants
  A spriggan defender (Depths:3)
  A war gargoyle (Vaults:4)
  2 formless jellyfish (Vaults:4)
  4 ironbound thunderhulks
  Nessos (D:14)
  4 vampire knights
  9 green draconians
  2 deep elf demonologists
  10 black draconians
  9 yellow draconians
  7 spark wasps
  5 red draconians
  2 minotaurs
  2 lorocyprocas (WizLab)
  A dire elephant (shapeshifter) (Vaults:4)
  6 purple draconians
  6 dire elephants (Vaults:1)
  6 white draconians
  2 deep elf death magi (Vaults:5)
  15 ettins
  A crystal guardian (Vaults:4)
  2 green deaths
  3 blizzard demons
  An entropy weaver (Vaults:1)
  4 great orbs of eyes
  2 merfolk javelineers
  8 yaktaur captains
  11 fire dragons
  A deep elf high priest (Vaults:5)
  4 merfolk impalers
  An entropy weaver (shapeshifter) (D:13)
  2 rakshasas
  34 vault guards
  A hell beast (Depths:2)
  3 spriggan air magi
  3 hydras
  2 salamander tyrants
  A peacekeeper (Vaults:4)
  9 ice dragons
  6 ogre magi
  The ghost of Nattfarinn the Basher, a journeyman FoSh of Ru (D:11)
  4 catoblepae
  15 centaur warriors
  3 ironbound frosthearts
  5 anacondas
  2 alligator snapping turtles
  An anaconda (shapeshifter) (Depths:1)
  A merfolk avatar (Shoals:3)
  6 deep troll shamans
  2 hell hogs
  4 merfolk aquamancers
  6 boulder beetles
  13 satyrs
  3 tengu warriors
  23 two-headed ogres
  8 naga warriors
  5 deep troll earth magi
  10 death yaks (Lair:5)
  A demonic crawler (D:7)
  11 dancing weapons
  15 hell knights
  A thrashing horror (Shoals:1)
  8 naga sharpshooters
  Sonja (Orc:2)
  Urug (D:12)
  4 spriggan berserkers
  6 shock serpents
  5 sun demons
  8 soul eaters
  3 wretched stars
  6 iron trolls
  3 sixfirhies
  5 skysharks
  5 deep elf knights
  A skeletal warrior (Vaults:3)
  Lodul (D:11)
  15 sea snakes
  A fire crab (shapeshifter) (D:11)
  4 glowing orange brains
  A salamander mystic (Snake:2)
  4 naga ritualists
  2 death drakes (Zot:1)
  2 deep elf archers (Elf:1)
  A flayed ghost (Depths:4)
  7 wizards
  31 deep trolls
  A shadow dragon zombie (Vaults:5)
  9 lindwurms
  A shadow demon (Depths:4)
  2 bog bodies (IceCv)
  27 harpies
  19 deep elf pyromancers
  An orc knight (D:14)
  11 phantasmal warriors
  24 ironbound convokers
  15 deep elf zephyrmancers
  5 necromancers
  A stone giant zombie (Vaults:3)
  7 mana vipers
  A worldbinder (Abyss:2)
  A shining eye (Shoals:1)
  32 ugly things
  Maurice (D:11)
  16 moths of wrath
  16 manticores
  10 fauns
  A will-o-the-wisp (Abyss:3)
  8 salamanders
  47 black mambas
  A moth of wrath (shapeshifter) (Vaults:5)
  4 water nymphs
  3 large abominations
  A cyclops (D:13)
  7 merfolk sirens
  5 guardian serpents
  An ice statue (IceCv)
  22 vault sentinels
  4 smoke demons
  4 apocalypse crabs
  4 elephants (Lair:2)
  9 cane toads
  2 gargoyles
  A water nymph (shapeshifter) (Vaults:5)
  An orange demon (WizLab)
  5 rust devils
  A cane toad (shapeshifter) (Vaults:5)
  8 naga magi
  Maggie (Lair:2)
  9 komodo dragons
  32 yaktaurs
  An efreet (D:14)
  2 rime drakes
  2 hellions
  2 kobold demonologists
  2 tormentors (WizLab)
  3 ice devils
  An anaconda simulacrum (IceCv)
  3 red devils
  2 trolls
  A freezing wraith (Vaults:5)
  A yaktaur skeleton (Vaults:5)
  A guardian mummy (Zot:1)
  18 merfolk
  A polar bear (Lair:5)
  2 hornets (Depths:3)
  4 hellwings
  A tengu simulacrum (Vaults:2)
  3 raiju (Abyss:2)
  9 wind drakes
  Grinder (D:4)
  10 snapping turtles
  9 blink frogs
  A jumping spider (shapeshifter) (D:15)
  8 slime creatures
  8 dream sheep
  An air elemental (Elf:2)
  2 ettin zombies
  A centaur simulacrum (D:14)
  A shadow (D:10)
  2 spriggans (Depths:3)
  22 water elementals
  2 wraiths
  9 basilisks
  66 yaks
  A wyvern (Lair:5)
  A ynoxinul (WizLab)
  3 dire elephant simulacra (IceCv)
  5 starcursed masses (Abyss:2)
  3 fire bats (Gauntlet)
  A hog (shapeshifter) (D:14)
  A steam dragon (D:10)
  6 vampire mosquitoes
  5 neqoxecs
  2 yaktaur simulacra
  8 chaos spawn
  3 death yak simulacra (IceCv)
  18 nagas
  A warg (Orc:1)
  A spatial vortex (Shoals:1)
  12 water moccasins
  A glowing shapeshifter skeleton (Vaults:5)
  An acid dragon (D:11)
  5 hell hounds
  7 ice beasts
  22 orc warriors
  A sky beast (D:6)
  4 black bears
  A black bear (shapeshifter) (Vaults:5)
  41 ogres
  9 wolves
  4 boggarts
  16 centaurs
  13 human skeletons
  4 kobold brigands
  A two-headed ogre simulacrum (IceCv)
  A human zombie (Vaults:3)
  7 bullfrogs
  5 scorpions
  3 cane toad simulacra (IceCv)
  2 gnoll sergeants
  4 wights (D:10)
  4 elephant simulacra (IceCv)
  An electric eel (Lair:5)
  2 howler monkeys
  3 lava snakes (Lair:2)
  10 hounds
  11 orc priests
  2 gnoll boudas (D:8)
  18 jellies
  Crazy Yiuf (D:7)
  7 hell rats (Lair:2)
  Ijyb (D:3)
  9 orc wizards
  6 spriggan simulacra (IceCv)
  A polar bear simulacrum (IceCv)
  9 troll simulacra (IceCv)
  2 wolf simulacra (IceCv)
  5 small abominations
  A boggart simulacrum (D:14)
  12 mummies (Ossuary)
  20 gnolls
  3 naga simulacra (IceCv)
  7 adders
  A shadow imp (D:6)
  7 white imps
  6 ufetubi
  4 worms
  3 dart slugs
  75 orcs
  5 ball pythons
  A bat zombie (D:3)
  12 endoplasms
  A giant cockroach (D:3)
  8 goblins
  8 hobgoblins
  11 jackals
  A quokka (D:4)
  6 bats
  3 frilled lizards
  3 gnoll skeletons (Ossuary)
  A goblin skeleton (Ossuary)
  29 kobolds
  2 kobold skeletons (Ossuary)
  2 orc skeletons (Ossuary)
  8 rats
  11 rat skeletons (Ossuary)
  3 rat zombies (D:3)
  A lurking horror (Abyss:2)
  A starspawn tentacle (Abyss:2)
1869 creatures vanquished.

Vanquished Creatures (others)
  A sphinx (Shoals:4)
  2 draconian knights
  An ogre mage (Vaults:5)
  A deep elf knight (Elf:2)
  A wizard (Vaults:3)
  A deep elf zephyrmancer (Elf:2)
  6 starspawn tentacles (Abyss:2)
13 creatures vanquished.

Grand Total: 1882 creatures vanquished

Notes
Turn   | Place    | Note
-------+----------+-------------------------------------------
     0 | D:1      | Gladio the Minotaur Fighter began the quest for the Orb.
     0 | D:1      | Reached XP level 1. HP: 19/19 MP: 0/0
   305 | D:1      | Reached XP level 2. HP: 24/27 MP: 1/1
   762 | D:2      | Found a faded altar of an unknown god.
   816 | D:2      | Reached XP level 3. HP: 33/33 MP: 2/2
   840 | D:2      | Reached skill level 4 in Fighting
   852 | D:2      | Identified the +2 ring mail of Fun and Games {Harm *Corrode
                  | +Inv Str+7}
   913 | D:2      | You fall into a shaft and drop 1 floor!
  1359 | D:3      | Noticed Ijyb
  1368 | D:3      | Killed Ijyb
  1369 | D:3      | Reached XP level 4. HP: 31/40 MP: 3/3
  2037 | D:3      | Found an ancient bone altar of Kikubaaqudgha.
  2240 | D:3      | Reached XP level 5. HP: 47/47 MP: 4/4
  2413 | D:4      | Found a staircase to the Ecumenical Temple.
  2430 | Temple   | Entered the Ecumenical Temple
  2439 | Temple   | Became a worshipper of Warmaster Okawaru
  2644 | D:4      | Reached skill level 5 in Axes
  2710 | D:4      | Noticed Grinder
  2719 | D:4      | Killed Grinder
  2719 | D:4      | Reached * piety under Okawaru
  2720 | D:4      | Reached skill level 5 in Fighting
  2720 | D:4      | Reached skill level 5 in Armour
  2720 | D:4      | Reached skill level 5 in Shields
  2720 | D:4      | Reached skill level 1 in Invocations
  2720 | D:4      | Reached XP level 6. HP: 56/56 MP: 4/6
  2755 | D:4      | Reached XP level 7. HP: 61/61 MP: 7/7
  3325 | D:5      | Entered Level 5 of the Dungeon
  3329 | D:5      | Found a sand-covered staircase.
  3335 | Ossuary  | Entered an ossuary
  3738 | Ossuary  | Reached ** piety under Okawaru
  3777 | D:5      | Found a white marble altar of Elyvilon.
  3881 | D:5      | Reached XP level 8. HP: 47/70 MP: 9/9
  3887 | D:5      | Reached skill level 6 in Fighting
  4072 | D:5      | Found a glowing golden altar of the Shining One.
  4720 | D:5      | Found an ornate altar of the Wu Jian Council.
  4720 | D:5      | Found a faded altar of an unknown god.
  4728 | D:5      | Found a burning altar of Makhleb.
  4730 | D:5      | Found a faded altar of an unknown god.
  4732 | D:5      | Found a glowing silver altar of Zin.
  4870 | D:6      | Found Vutel's Tiny Tomes.
  5159 | D:6      | Found a sparkling altar of Nemelex Xobeh.
  5171 | D:6      | Found a broken altar of Ashenzari.
  5219 | D:6      | Reached *** piety under Okawaru
  5425 | D:6      | Reached XP level 9. HP: 69/78 MP: 10/10
  5684 | D:6      | Reached skill level 7 in Fighting
  6136 | D:7      | Found a runed translucent door.
  6137 | D:7      | Noticed Crazy Yiuf
  6141 | D:7      | Killed Crazy Yiuf
  6588 | D:7      | HP: 1/79 [raiju/living lightning (11)]
  6870 | D:7      | Noticed Jeremiah
  6931 | D:7      | Jeremiah changed into Jeremiah the blink frog
  6931 | D:7      | Noticed Jeremiah
  6943 | D:7      | Killed Jeremiah the blink frog
  8058 | D:8      | Found Cefesec's Island Escapes.
  8548 | D:9      | Reached skill level 10 in Axes
  9482 | D:10     | Entered Level 10 of the Dungeon
  9493 | D:10     | Reached skill level 5 in Invocations
  9576 | D:10     | Found a flagged portal.
  9589 | Bailey   | Entered a bailey
  9630 | Bailey   | Reached skill level 8 in Fighting
  9844 | Bailey   | Reached XP level 10. HP: 41/88 MP: 9/12
 10228 | Bailey   | Reached **** piety under Okawaru
 10258 | Bailey   | Noticed an orc knight
 10270 | Bailey   | an orc knight changed into a dream sheep
 10349 | D:10     | Acquired the ring "Ylez" {rF+ Str+6 Stlth+}
 10483 | D:10     | Found a staircase to the Orcish Mines.
 10654 | D:10     | Found Xaocvat's Antique Armour Emporium.
 10758 | D:10     | Reached ***** piety under Okawaru
 10766 | D:10     | Reached skill level 9 in Fighting
 10957 | D:10     | Bought a shiny plate armour for 598 gold pieces
 10990 | D:11     | Received a gift from Okawaru
 11063 | D:11     | Noticed a fire crab
 11068 | D:11     | Noticed Maurice
 11074 | D:11     | Killed a fire crab
 11075 | D:11     | Reached XP level 11. HP: 48/97 MP: 12/14
 11081 | D:11     | Found a staircase to the Lair.
 11082 | D:11     | Something stole 38 poisoned darts
 11084 | D:11     | Something stole a +6 ring of intelligence
 11350 | D:11     | Killed Maurice
 11424 | Lair:1   | Entered Level 1 of the Lair of Beasts
 12055 | Lair:1   | Reached skill level 10 in Armour
 12532 | Lair:2   | Reached skill level 10 in Fighting
 12547 | Lair:2   | Noticed a boulder beetle
 12598 | Lair:2   | Received a gift from Okawaru
 12603 | Lair:2   | Reached skill level 10 in Shields
 12681 | Lair:2   | Noticed Maggie
 12689 | Lair:2   | Killed Maggie
 13067 | D:10     | Bought a pair of fine gloves for 218 gold pieces
 13067 | D:10     | Identified the +5 pair of gloves of the Forsaken Ziggurats
                  | {rPois Will+ Str+2} (You bought it in a shop on level 10 of
                  | the Dungeon)
 13163 | Lair:2   | Killed a boulder beetle
 13167 | Lair:2   | Noticed an orange crystal statue
 13174 | Lair:2   | Noticed a skyshark
 13185 | Lair:2   | Killed a skyshark
 13186 | Lair:2   | Reached XP level 12. HP: 86/107 MP: 16/16
 13241 | Lair:2   | Found a frozen archway.
 13248 | IceCv    | Entered an ice cave
 13491 | IceCv    | Identified the amulet "Udaumu" {Acrobat rF+ Stlth+}
 13571 | IceCv    | Received a gift from Okawaru
 13866 | IceCv    | Identified the ring "Uxagheuk" {rElec rC+ Str-3 Dex+4}
 13935 | Lair:2   | Identified the +3 rapier of Voask {freeze, rN++}
 13969 | Lair:2   | Reached skill level 11 in Fighting
 14190 | Lair:2   | Noticed an eight-headed hydra
 14517 | Lair:3   | Received a gift from Okawaru
 14522 | Lair:3   | Reached skill level 15 in Axes
 14541 | Lair:3   | Found a staircase to the Shoals.
 14784 | Lair:3   | Found a staircase to the Snake Pit.
 14792 | Lair:3   | Received a gift from Okawaru
 15109 | Lair:3   | Noticed a boulder beetle
 15125 | Lair:3   | Killed a boulder beetle
 15190 | Lair:3   | Identified the +0 ring mail of Dall {rC+ Dex+5}
 15479 | Lair:4   | Reached XP level 13. HP: 116/116 MP: 18/18
 15570 | Lair:4   | Found a gate leading to a gauntlet.
 15594 | Gauntlet | Entered a Gauntlet
 15594 | Gauntlet | Found the ring of the Mage {Wiz Archmagi}
 15594 | Gauntlet | Found a transporter.
 15594 | Gauntlet | Found a transporter.
 15594 | Gauntlet | Found a transporter.
 15595 | Gauntlet | Found a transporter.
 15598 | Gauntlet | Found a transporter.
 15598 | Gauntlet | Found a transporter.
 15610 | Gauntlet | Found a transporter.
 15612 | Gauntlet | Found a transporter.
 15613 | Gauntlet | Found a transporter.
 15621 | Gauntlet | Found a transporter.
 15623 | Gauntlet | Found a transporter.
 15626 | Gauntlet | Found a transporter.
 15722 | Gauntlet | Found the +2 cloak of the Thief {*Fog Slay-2 SInv Stlth+}
 15876 | Gauntlet | Identified the ring of Coro {Wiz rF+ rC+++ Dex-4}
 15879 | Gauntlet | Acquired the ring of Qodgh {rN+ rCorr Str+7 Int-3 Dex+3}
 15928 | Gauntlet | Reached ****** piety under Okawaru
 15937 | Gauntlet | Identified the -1 barding of Hide-and-Seek {Rampage Int-3
                  | Dex+2}
 15965 | Gauntlet | Identified the +10 flail of Egamokhlo {heavy, rElec rCorr
                  | Dex+3}
 15965 | Gauntlet | Identified the +10 plate armour "Edim" {Str+3}
 15965 | Gauntlet | Identified the +0 kite shield "Naibrud" {Dex+2}
 15965 | Gauntlet | Noticed a minotaur
 15975 | Gauntlet | Killed a minotaur
 15975 | Gauntlet | Received a gift from Okawaru
 15976 | Gauntlet | Reached skill level 12 in Fighting
 16008 | Gauntlet | Got a grimy book
 16010 | Gauntlet | Identified the +1 scale mail "Diupiuru" {rC+ Regen+}
 16010 | Gauntlet | Identified the +8 war axe "Catz" {heavy, rC+}
 16131 | Lair:4   | Found a staircase to the Slime Pits.
 16132 | Lair:4   | Found a viscous altar of Jiyva.
 16729 | Lair:5   | Entered Level 5 of the Lair of Beasts
 16971 | Lair:5   | Reached skill level 13 in Fighting
 17055 | Lair:5   | Received a gift from Okawaru
 17069 | Lair:5   | Acquired a +4 broad axe of pain
 17069 | Lair:5   | Received a gift from Okawaru
 17070 | Lair:5   | Acquired a +0 pair of boots of rampaging
 17070 | Lair:5   | Received a gift from Okawaru
 17445 | Lair:5   | Reached XP level 14. HP: 120/129 MP: 19/19
 17487 | Lair:5   | Received a gift from Okawaru
 17580 | Lair:5   | Reached skill level 14 in Fighting
 18099 | D:11     | Noticed Lodul
 18120 | D:11     | Killed Lodul
 18173 | D:11     | Found a runed translucent door.
 18176 | D:11     | Noticed Nattfarinn's ghost (journeyman FoSh)
 18286 | D:11     | Killed Nattfarinn's ghost
 18396 | D:12     | Noticed Urug
 18404 | D:12     | Killed Urug
 18404 | D:12     | Received a gift from Okawaru
 18654 | D:12     | Got a curling book
 19393 | D:13     | Reached skill level 1 in Throwing
 19603 | D:14     | Found a radiant altar of Vehumet.
 19643 | D:14     | Found a portal to a secret trove of treasure.
 19682 | D:14     | Received a gift from Okawaru
 19855 | D:14     | Noticed Nessos
 19866 | D:14     | Paralysed by Nessos for 4 turns
 19872 | D:14     | Killed Nessos
 19920 | D:14     | Found a gate to the Vaults.
 19948 | D:14     | Reached skill level 15 in Fighting
 20057 | D:14     | Received a gift from Okawaru
 20339 | D:15     | Entered Level 15 of the Dungeon
 20374 | D:15     | Reached XP level 15. HP: 112/141 MP: 14/21
 20382 | D:15     | Reached skill level 15 in Armour
 20393 | D:15     | Received a gift from Okawaru
 20707 | D:15     | Got an upside-down book
 20793 | D:15     | Found a staircase to the Depths.
 20939 | Orc:1    | Entered Level 1 of the Orcish Mines
 21277 | Orc:2    | Entered Level 2 of the Orcish Mines
 21277 | Orc:2    | Noticed Rupert
 21297 | Orc:2    | Noticed Sonja
 21308 | Orc:2    | Killed Sonja
 21330 | Orc:2    | Found a staircase to the Elven Halls.
 21345 | Orc:2    | Noticed Donald
 21356 | Orc:2    | Killed Donald
 21476 | Orc:2    | Paralysed by Rupert for 4 turns
 21481 | Arena    | Entered the Arena
 21487 | Arena    | Killed Rupert
 21488 | Arena    | Reached skill level 15 in Shields
 21711 | Orc:2    | Reached skill level 10 in Invocations
 21723 | Orc:2    | Received a gift from Okawaru
 21773 | Orc:2    | Reached skill level 5 in Throwing
 21819 | Orc:2    | Found Imej's Magic Scroll Emporium.
 21819 | Orc:2    | Found Qisuesh's Antique Weapon Shop.
 21820 | Orc:2    | Found Oxkit's Distillery.
 21820 | Orc:2    | Found Fauh's Magic Scroll Shoppe.
 22124 | Orc:2    | Bought a scroll of identify for 32 gold pieces
 22124 | Orc:2    | Bought a scroll of poison for 64 gold pieces
 22124 | Orc:2    | Bought a scroll of enchant armour for 120 gold pieces
 22124 | Orc:2    | Bought a scroll of revelation for 120 gold pieces
 22124 | Orc:2    | Bought a scroll of enchant armour for 120 gold pieces
 22129 | Orc:2    | Bought a potion of curing for 42 gold pieces
 22129 | Orc:2    | Bought a potion of might for 56 gold pieces
 22129 | Orc:2    | Bought a potion of haste for 140 gold pieces
 22129 | Orc:2    | Bought a potion of curing for 42 gold pieces
 22130 | Orc:2    | Bought a scroll of acquirement for 728 gold pieces
 22311 | Shoals:1 | Entered Level 1 of the Shoals
 22325 | Shoals:1 | Received a gift from Okawaru
 22425 | Shoals:1 | Identified the +1 falchion of Might {flame, rPois rN++
                  | Str+2 Dex-5}
 22429 | Shoals:1 | Found Jygates's Book Boutique.
 22756 | Shoals:1 | Found a runed translucent door.
 22779 | Shoals:1 | Reached XP level 16. HP: 151/151 MP: 22/22
 22782 | Shoals:1 | Received a gift from Okawaru
 22805 | Shoals:1 | Reached skill level 16 in Fighting
 22912 | Shoals:1 | Paralysed by you for 5 turns
 22930 | Shoals:1 | Reached skill level 1 in Dodging
 22953 | Shoals:1 | Found a corrupted altar of Lugonu.
 22953 | Shoals:1 | Found a one-way gate to the infinite horrors of the Abyss.
 23863 | Shoals:3 | Noticed Ilsuiw
 23997 | Shoals:3 | Killed Ilsuiw
 24663 | Shoals:4 | Entered Level 4 of the Shoals
 24767 | Shoals:4 | Received a gift from Okawaru
 24976 | Shoals:4 | Reached skill level 17 in Fighting
 25148 | Shoals:4 | Noticed a sphinx
 25240 | Shoals:4 | Paralysed by a sphinx for 5 turns
 25253 | Shoals:3 | Killed a sphinx
 25493 | Shoals:4 | Received a gift from Okawaru
 25507 | Shoals:4 | Noticed a sphinx
 25514 | Shoals:4 | Killed a sphinx
 25556 | Shoals:4 | Identified the +3 orcbow of Doomed True Grit {heavy, rPois
                  | rF+}
 26007 | Shoals:4 | Reached XP level 17. HP: 162/162 MP: 24/24
 26214 | Shoals:4 | Got a barnacled rune of Zot
 26250 | Shoals:4 | Reached skill level 5 in Dodging
 26251 | Shoals:4 | Received a gift from Okawaru
 26455 | Snake:1  | Entered Level 1 of the Snake Pit
 27495 | Snake:2  | Received a gift from Okawaru
 27499 | Snake:2  | Reached skill level 18 in Fighting
 27546 | Snake:2  | Found a runed translucent door.
 27613 | Snake:2  | Noticed Kaxkokue's ghost (adept DrCj)
 28673 | Snake:3  | Received a gift from Okawaru
 29020 | Snake:3  | Noticed Vashnia
 29077 | Snake:3  | Killed Vashnia
 29175 | Snake:3  | Found Borais's Magic Scroll Shoppe.
 29200 | Snake:3  | Bought a scroll of revelation for 75 gold pieces
 29200 | Snake:3  | Bought a scroll of blinking for 75 gold pieces
 29200 | Snake:3  | Bought a scroll of silence for 95 gold pieces
 29200 | Snake:3  | Bought a scroll of fear for 40 gold pieces
 29200 | Snake:3  | Noticed Jorgrun
 29208 | Snake:3  | Killed Jorgrun
 29615 | Snake:4  | Entered Level 4 of the Snake Pit
 29954 | Snake:4  | Found a white marble altar of Elyvilon.
 30403 | Snake:4  | Received a gift from Okawaru
 30808 | Snake:4  | Reached XP level 18. HP: 128/174 MP: 23/26
 30809 | Snake:4  | Reached skill level 19 in Fighting
 31058 | Snake:4  | Got a serpentine rune of Zot
 31326 | Elf:1    | Entered Level 1 of the Elven Halls
 31522 | Elf:1    | Received a gift from Okawaru
 31858 | Abyss:2  | Cast into level 2 of the Abyss (a wizard)
 31937 | Abyss:2  | Found a hazy altar of Hepliaklqana.
 31954 | Abyss:2  | Found a corrupted altar of Lugonu.
 31979 | Abyss:2  | Found a corrupted altar of Lugonu.
 32052 | Abyss:2  | Found a corrupted altar of Lugonu.
 32052 | Abyss:2  | Found a corrupted altar of Lugonu.
 32082 | Abyss:2  | Gained mutation: You are weak. (Str -2) [a neqoxec]
 32098 | Abyss:2  | Received a gift from Okawaru
 32224 | Elf:1    | Escaped the Abyss
 32256 | Elf:1    | Lost mutation: You are weak. (Str -2) [potion of mutation]
 32256 | Elf:1    | Gained mutation: You have a pair of large horns on your
                  | head. [potion of mutation]
 32256 | Elf:1    | Gained mutation: You possess an exceptional clarity of
                  | mind. [potion of mutation]
 32496 | Elf:1    | Found a shimmering blue altar of Sif Muna.
 32911 | Elf:2    | Found Huonoyrch's Distillery.
 32936 | Elf:2    | Reached skill level 20 in Fighting
 32942 | Elf:2    | Bought a potion of resistance for 140 gold pieces
 32984 | Elf:2    | Paralysed by an air elemental for 1 turns
 32991 | Elf:2    | Paralysed by an air elemental for 1 turns
 32996 | Elf:2    | Paralysed by an air elemental for 1 turns
 33341 | Elf:2    | Found a runed translucent gate.
 33342 | Elf:2    | Found a runed translucent gate.
 33342 | Elf:2    | Found a runed translucent gate.
 33536 | Vaults:1 | Entered Level 1 of the Vaults
 33572 | Vaults:1 | Received a gift from Okawaru
 33690 | Vaults:1 | Reached skill level 10 in Throwing
 34199 | Vaults:1 | Received a gift from Okawaru
 34434 | Vaults:1 | Reached XP level 19. HP: 178/187 MP: 25/27
 34628 | Vaults:2 | Found Ceush's General Store.
 34638 | Vaults:2 | Bought a potion of haste for 110 gold pieces
 34816 | Vaults:2 | Received a gift from Okawaru
 35403 | Vaults:2 | Reached skill level 21 in Fighting
 35520 | Vaults:2 | Received a gift from Okawaru
 36498 | Vaults:3 | Reached skill level 10 in Dodging
 36724 | Vaults:3 | Received a gift from Okawaru
 36804 | Vaults:3 | Found a staircase to the Crypt.
 37238 | Abyss:3  | Cast into level 3 of the Abyss (a wizard)
 37257 | Abyss:3  | Found a corrupted altar of Lugonu.
 37268 | Abyss:3  | Noticed a bone dragon
 37275 | Abyss:3  | Noticed a dread lich
 37282 | Abyss:3  | Killed a bone dragon
 37291 | Abyss:3  | Killed a dread lich
 37294 | Abyss:3  | Reached XP level 20. HP: 199/200 MP: 22/28
 37295 | Vaults:4 | Escaped the Abyss
 37397 | Vaults:4 | Reached skill level 22 in Fighting
 37472 | Vaults:4 | Received a gift from Okawaru
 37881 | Vaults:4 | Found Sungook's Antique Weapon Shoppe.
 38047 | Vaults:4 | Paralysed by a formless jellyfish for 1 turns
 38180 | Vaults:5 | Entered Level 5 of the Vaults
 38188 | Vaults:5 | Received a gift from Okawaru
 38196 | Vaults:5 | Noticed a dread lich
 38211 | Vaults:5 | Killed a dread lich
 38436 | Vaults:5 | Noticed a golden dragon
 38461 | Vaults:5 | Killed a golden dragon
 38505 | Vaults:5 | Reached skill level 23 in Fighting
 38815 | Vaults:5 | Received a gift from Okawaru
 38955 | Vaults:5 | Noticed a golden dragon
 38962 | Vaults:5 | Killed a golden dragon
 38978 | Vaults:5 | Found Cal Dyw's Distillery.
 38978 | Vaults:5 | Found Ogemaw's Distillery.
 38983 | Vaults:5 | Bought a potion of might for 76 gold pieces
 38983 | Vaults:5 | Bought a potion of ambrosia for 152 gold pieces
 38983 | Vaults:5 | Bought a potion of mutation for 152 gold pieces
 38983 | Vaults:5 | Bought a potion of curing for 57 gold pieces
 38983 | Vaults:5 | Bought a potion of haste for 190 gold pieces
 38983 | Vaults:5 | Bought a potion of berserk rage for 95 gold pieces
 38983 | Vaults:5 | Bought 2 potions of curing for 114 gold pieces
 38983 | Vaults:5 | Bought a potion of haste for 190 gold pieces
 38990 | Vaults:5 | Bought 2 potions of might for 112 gold pieces
 38990 | Vaults:5 | Bought a potion of might for 56 gold pieces
 38997 | Vaults:5 | Found Zabokkiq's Magic Scroll Shop.
 39009 | Vaults:5 | Bought a scroll of blinking for 150 gold pieces
 39009 | Vaults:5 | Bought a scroll of teleportation for 60 gold pieces
 39009 | Vaults:5 | Bought a scroll of poison for 80 gold pieces
 39009 | Vaults:5 | Bought a scroll of fog for 80 gold pieces
 39009 | Vaults:5 | Bought a scroll of poison for 80 gold pieces
 39046 | Vaults:5 | Found Webylus's Magic Scroll Shop.
 39072 | Vaults:5 | Received a gift from Okawaru
 39084 | Vaults:5 | Reached XP level 21. HP: 122/211 MP: 29/29
 39085 | Arena    | Entered the Arena
 39256 | Vaults:5 | Bought a scroll of enchant armour for 172 gold pieces
 39256 | Vaults:5 | Bought a scroll of fear for 92 gold pieces
 39256 | Vaults:5 | Bought a scroll of blinking for 172 gold pieces
 39274 | Vaults:5 | Found Meino's Distillery.
 39276 | Vaults:5 | Found Cez Isku's Magic Scroll Shoppe.
 39288 | Vaults:5 | Bought a potion of heal wounds for 110 gold pieces
 39288 | Vaults:5 | Bought a potion of mutation for 176 gold pieces
 39334 | Vaults:5 | Found Losiap's Magic Scroll Emporium.
 39338 | Vaults:5 | Bought a scroll of revelation for 112 gold pieces
 39338 | Vaults:5 | Bought a scroll of poison for 60 gold pieces
 39338 | Vaults:5 | Bought a scroll of enchant armour for 112 gold pieces
 39374 | Vaults:5 | Found Dyokhecu's Distillery.
 39380 | Vaults:5 | Bought a potion of haste for 150 gold pieces
 39380 | Vaults:5 | Bought a potion of mutation for 120 gold pieces
 39380 | Vaults:5 | Bought a potion of mutation for 120 gold pieces
 39382 | Vaults:5 | Found Gicsauf's Antique Armour Boutique.
 39597 | Vaults:5 | Found Rehid's Armour Boutique.
 39597 | Vaults:5 | Noticed a golden dragon
 39604 | Vaults:5 | Noticed a golden dragon
 39621 | Vaults:5 | Killed a golden dragon
 39621 | Vaults:5 | Received a gift from Okawaru
 39696 | Vaults:5 | Found Qamag's Antique Weapon Shop.
 39697 | Vaults:5 | Found Ysehaxo's Magic Scroll Shoppe.
 39776 | Vaults:5 | Identified the +1 robe of Elitism {Rampage rElec Will-
                  | Archmagi}
 39937 | Vaults:5 | Got a silver rune of Zot
 40175 | Vaults:5 | Killed a golden dragon
 40213 | Vaults:5 | Bought a scroll of blinking for 142 gold pieces
 40414 | Depths:1 | Entered Level 1 of the Depths
 40737 | Depths:1 | Found a magical portal.
 40741 | WizLab   | Entered The Hall of the Hellbinder
 40779 | WizLab   | Reached skill level 24 in Fighting
 41107 | WizLab   | Noticed Kutet
 41111 | Arena    | Entered the Arena
 41122 | Arena    | Killed Kutet the Hellbinder
 41162 | WizLab   | Received a gift from Okawaru
 41168 | WizLab   | Lost mutation: You possess an exceptional clarity of mind.
                  | [a cacodemon]
 41318 | WizLab   | Found a burning altar of Makhleb.
 41329 | WizLab   | Identified the amulet "Muosov" {Spirit Dex+3}
 41541 | Depths:1 | Noticed a golden dragon
 41551 | Depths:1 | Killed a golden dragon
 41607 | Depths:1 | Noticed a golden dragon
 41616 | Depths:1 | Killed a golden dragon
 41703 | Depths:1 | Got a black book
 41717 | Depths:1 | Identified the +7 glaive "Haoh" {flame, Will+}
 41754 | Depths:1 | Received a gift from Okawaru
 41853 | Depths:1 | Found a gateway to Hell.
 41927 | Depths:1 | Found Qof Geq's General Store.
 41935 | Depths:1 | Bought a scroll of silence for 133 gold pieces
 41935 | Depths:1 | Bought a potion of resistance for 140 gold pieces
 41935 | Depths:1 | Bought a potion of might for 56 gold pieces
 41935 | Depths:1 | Found Lahuteth's Assorted Antiques.
 41984 | Depths:1 | You fall into a shaft and drop 1 floor!
 42525 | Depths:2 | Received a gift from Okawaru
 42622 | Depths:2 | Reached XP level 22. HP: 224/224 MP: 30/30
 43355 | Depths:2 | Found a one-way gate leading to the halls of Pandemonium.
 43462 | Depths:3 | Noticed Vv
 43601 | Depths:3 | Killed Vv
 43720 | Depths:3 | Found a corrupted altar of Lugonu.
 43807 | Depths:3 | Reached skill level 25 in Fighting
 43809 | Depths:3 | Noticed a golden dragon
 43814 | Depths:3 | Killed a golden dragon
 43814 | Depths:3 | Received a gift from Okawaru
 43846 | Depths:3 | Noticed Mara
 43867 | Depths:3 | Killed Mara
 43884 | Depths:3 | Noticed Xtahua
 43894 | Depths:3 | Killed Xtahua
 43948 | Depths:3 | Found a one-way gateway to a ziggurat.
 43951 | Depths:3 | Noticed a dread lich
 43971 | Depths:3 | Killed a dread lich
 44225 | Depths:3 | Noticed a golden dragon
 44230 | Depths:3 | Killed a golden dragon
 44370 | Depths:3 | Identified the +0 quarterstaff of the Endless March {flame,
                  | *Rage rC+ Int+6}
 44670 | Depths:4 | Entered Level 4 of the Depths
 44865 | Depths:4 | Noticed a juggernaut
 44878 | Depths:4 | Killed a juggernaut
 44920 | Depths:4 | Received a gift from Okawaru
 44952 | Depths:4 | Found a gate to the Realm of Zot.
 44952 | Depths:4 | Noticed a golden dragon
 44962 | Depths:4 | Killed a golden dragon
 45166 | Depths:4 | Noticed a caustic shrike
 45169 | Depths:4 | Noticed Boris
 45393 | Depths:4 | Received a gift from Okawaru
 45399 | Depths:4 | Killed a caustic shrike
 45408 | Depths:4 | Killed Boris
 45424 | Depths:4 | Reached XP level 23. HP: 178/236 MP: 31/31
 46093 | Depths:4 | Received a gift from Okawaru
 46378 | Orc:2    | Bought a potion of mutation for 112 gold pieces
 46379 | Orc:2    | Acquired a manual of Dodging
 46661 | Zot:1    | Entered Level 1 of the Realm of Zot
 46722 | Depths:4 | Reached skill level 26 in Fighting
 47098 | Zot:1    | Noticed a curse toe
 47106 | Zot:1    | Killed a curse toe
 48151 | Zot:1    | Got an upside-down book
 48229 | Zot:1    | Received a gift from Okawaru
 48479 | Zot:2    | Reached skill level 15 in Throwing
 50181 | Zot:2    | Gained mutation: Your spells are a little easier to cast,
                  | but a little less powerful. [mutagenic glow]
 50203 | Zot:2    | Gained mutation: You are frail. (-10% HP) [mutagenic glow]
 50218 | Zot:2    | Gained mutation: You sometimes lose your temper in combat.
                  | [mutagenic glow]
 50222 | Zot:2    | Lost mutation: You sometimes lose your temper in combat.
                  | [potion of mutation]
 50222 | Zot:2    | Lost mutation: Your spells are a little easier to cast, but
                  | a little less powerful. [potion of mutation]
 50222 | Zot:2    | Lost mutation: You are frail. (-10% HP) [potion of
                  | mutation]
 50222 | Zot:2    | Gained mutation: You are robust. (+10% HP) [potion of
                  | mutation]
 50222 | Zot:2    | Gained mutation: Your skin changes colour to match your
                  | surroundings (Stealth+). [potion of mutation]
 50230 | Zot:2    | Gained mutation: Your body sometimes deteriorates upon
                  | taking damage. [mutagenic glow]
 50497 | Zot:2    | Noticed an orb of fire
 50529 | Zot:2    | Lost mutation: You are robust. (+10% HP) [an orb of fire]
 50531 | Zot:2    | Gained mutation: Your spells are a little easier to cast,
                  | but a little less powerful. [an orb of fire]
 50542 | Zot:2    | Killed an orb of fire
 50542 | Zot:2    | Received a gift from Okawaru
 51366 | Zot:3    | Reached skill level 27 in Fighting
 51690 | Zot:4    | Identified the +1 plate armour of Fohon {Dex+6 Stlth+}
 51878 | Zot:4    | Reached XP level 24. HP: 228/249 MP: 31/31
 52102 | Zot:4    | Received a gift from Okawaru
 52579 | Zot:5    | Entered Level 5 of the Realm of Zot
 52771 | Zot:5    | Found a transporter.
 52773 | Zot:5    | Found a transporter.
 52775 | Zot:5    | Found a transporter.
 52830 | Zot:5    | Found a transporter.
 53181 | Zot:5    | Noticed an ancient lich
 53200 | Zot:5    | Killed an ancient lich
 53201 | Zot:5    | Reached skill level 15 in Dodging
 53270 | Zot:5    | Noticed an ancient lich
 53282 | Zot:5    | Killed an ancient lich
 53320 | Zot:5    | Noticed a dread lich
 53336 | Zot:5    | Killed a dread lich
 53336 | Zot:5    | Received a gift from Okawaru
 53388 | Zot:5    | Noticed a Killer Klown
 53388 | Zot:5    | Noticed an orb of fire
 53403 | Zot:5    | Gained mutation: Your body often deteriorates upon taking
                  | damage. [an orb of fire]
 53404 | Zot:5    | Gained mutation: You occasionally lose the ability to read
                  | scrolls when taking damage. [an orb of fire]
 53405 | Zot:5    | Lost mutation: Your spells are a little easier to cast, but
                  | a little less powerful. [an orb of fire]
 53406 | Zot:5    | Gained mutation: You are dopey. (Int -2) [an orb of fire]
 53410 | Zot:5    | Killed an orb of fire
 53413 | Zot:5    | Killed a Killer Klown
 53466 | Zot:5    | Lost mutation: Your body often deteriorates upon taking
                  | damage. [potion of mutation]
 53466 | Zot:5    | Lost mutation: You occasionally lose the ability to read
                  | scrolls when taking damage. [potion of mutation]
 53466 | Zot:5    | Lost mutation: Your skin changes colour to match your
                  | surroundings (Stealth+). [potion of mutation]
 53466 | Zot:5    | Gained mutation: You expend magic power (3 MP) to
                  | strengthen your wands. [potion of mutation]
 53466 | Zot:5    | Gained mutation: You are partially covered in iridescent
                  | scales. (AC +2) [potion of mutation]
 53466 | Zot:5    | Gained mutation: You passively dampen the noise of your
                  | surroundings. [potion of mutation]
 53466 | Zot:5    | Gained mutation: You have sharp toenails. [potion of
                  | mutation]
 53467 | Zot:5    | Lost mutation: You have sharp toenails. [potion of
                  | mutation]
 53467 | Zot:5    | Lost mutation: You have a pair of large horns on your head.
                  | [potion of mutation]
 53467 | Zot:5    | Lost mutation: You passively dampen the noise of your
                  | surroundings. [potion of mutation]
 53467 | Zot:5    | Lost mutation: You are dopey. (Int -2) [potion of mutation]
 53467 | Zot:5    | Lost mutation: You expend magic power (3 MP) to strengthen
                  | your wands. [potion of mutation]
 53467 | Zot:5    | Gained mutation: You do not regenerate when monsters are
                  | visible. [potion of mutation]
 53467 | Zot:5    | Lost mutation: You do not regenerate when monsters are
                  | visible. [potion of mutation]
 53470 | Zot:5    | Lost mutation: Your body sometimes deteriorates upon taking
                  | damage. [potion of mutation]
 53470 | Zot:5    | Lost mutation: You are partially covered in iridescent
                  | scales. (AC +2) [potion of mutation]
 53470 | Zot:5    | Gained mutation: You are partially covered in iridescent
                  | scales. (AC +2) [potion of mutation]
 53470 | Zot:5    | Gained mutation: Your mind is acute. (Int +4, Str/Dex -1)
                  | [potion of mutation]
 53470 | Zot:5    | Gained mutation: You have sharp fingernails. [potion of
                  | mutation]
 53493 | Zot:5    | Noticed an ancient lich
 53495 | Zot:5    | Noticed a dread lich
 53500 | Zot:5    | Killed an ancient lich
 53504 | Zot:5    | Noticed a Killer Klown
 53514 | Zot:5    | Killed a dread lich
 53515 | Zot:5    | Killed a Killer Klown
 53647 | Zot:5    | Noticed an orb of fire
 53668 | Zot:5    | Received a gift from Okawaru
 53674 | Zot:5    | Noticed an ancient lich
 53680 | Zot:5    | Got the Orb of Zot
 53918 | D:15     | Noticed Houniz the pandemonium lord
 53918 | D:15     | Noticed an ancient lich
 54238 | D:$      | Escaped with the Orb!

Illustrated notes

Levels and vault maps discovered:
D:1:      co_arrival_two_rings, layout_loops_cross
D:2:      layout_basic, hellmonk_ecumenical_altar_heavens_door,
          minmay_tree_intersection, serial_park_tiny_1
D:3:      minmay_chambers_of_threes, layout_basic,
          lemuel_zombie_altar_kikubaaqudgha, uniq_ijyb
D:4:      layout_loops_corners, minmay_temple_entry_sparse_star, uniq_grinder
D:5:      minmay_opposing_rooms, layout_basic, lemuel_crystal_altar,
          mainiacjoe_overflow_boulevard, chequers_temple_overflow_minitemple,
          enter_ossuary_2
D:6:      layout_basic, cheibrodos_ashenzari_chains, nemelex_dance_club_becter,
          nicolae_shop_i_like_small_books_too
D:7:      layout_loops_cross, nicolae_have_a_lightning_rod,
          uniq_crazy_yiuf_cottage, uniq_jeremiah
D:8:      layout_cave_pods, nicolae_island_escapes
D:9:      layout_grid_maze
D:10:     layout_big_octagon, orc_0_dummy, enter_bailey_3, serial_shops,
          kennysheep_little_box, nicolae_straight_to_the_point
D:11:     layout_roguey, hellmonk_lair_entry_icy, ebering_ghost_reflecting_pool,
          uniq_maurice, uniq_lodul
D:12:     layout_roguey, uniq_urug
D:13:     layout_loops_ring
D:14:     layout_irregular_city, lightli_vaults_fourway_checkpoint,
          nicolae_vehumet_altar_sigil, enter_trove_2, uniq_nessos
D:15:     grunt_enter_depths_hoard, layout_rooms
Temple:   eino_temple_lava
Lair:1:   layout_roguey, chequers_serial_rivers_room_b, grunt_megastairs_5,
          infiniplex_staircase_pool_2
Lair:2:   layout_chaotic_city, portal_ice_cave_entry_pillars_2, disabler_island,
          uniq_maggie
Lair:3:   layout_concentric_octagons, nicolae_shoals_entry_roost,
          nicolae_snake_entry_squirm
Lair:4:   layout_cave_pods, minmay_slime_entry_jelly_boxes,
          gauntlet_entry_generic
Lair:5:   evilmike_catoblepas_cave, layout_regular_city, serial_bayou_pond_b,
          minivault_27, lemuel_fruit_tree
Shoals:1: layout_shoals, serial_shops, shop, nicolae_shoals_abyss_on_the_beach
Shoals:2: nicolae_shoals_offshore_bank_account, layout_shoals
Shoals:3: layout_shoals, uniq_ilsuiw
Shoals:4: shoals_end_hellmonk_lost_city
Snake:1:  layout_gridlike
Snake:2:  layout_layer_cave, hellmonk_ghost_happy_afterlife
Snake:3:  layout_onion, minmay_shop_star, serial_bayou_shore_b,
          grunt_megastairs_3, uniq_vashnia, uniq_jorgrun
Snake:4:  hellmonk_snake_rune_quicksilver_temple, layout_grid_shapes,
          basic_altar, serial_bayou_shore_b
Orc:1:    layout_caves
Orc:2:    st_orc_ogre_mass, layout_diamond_mine, uniq_rupert, uniq_donald,
          uniq_sonja
Elf:1:    elf_arrival_002, layout_geoelf_octagon, hangedman_elf_disciples,
          eino_tiny_chamber, dk_noncrumbling_4, david_defended_altar_elf
Elf:2:    nicolae_elf_blades_crystal_corner, layout_gridlike, serial_shops,
          nicolae_shop_stone, grunt_ministairs_5
Vaults:1: nicolae_vaults_diagonal_hallway_8, ontoclasm_vaults_chip,
          hangedman_vaults_corner_blocks, v_alt_pattern_5,
          ontoclasm_vaults_spin, nicolae_vaults_house_1,
          vaults_room_grunt_arrival_ludios, nicolae_vaults_shelves_hall,
          vaults_dpeg_ring, v_misc_19, hangedman_vaults_nails,
          vaults_mumra_hexcomb, layout_vaults_maze_bifur
Vaults:2: nicolae_vaults_network_s, nicolae_vaults_little_squares_6,
          nicolae_vaults_storage_room_glass,
          nicolae_vaults_shipping_containers_1, ontoclasm_vaults_bender,
          nicolae_vaults_tangram_2, vaults_room_pools,
          nicolae_vaults_ring_of_whatevers, hangedman_vaults_maws,
          nicolae_vaults_stepped_doors, nicolae_vaults_wine_cellar,
          nicolae_vaults_storage_room_statues, ontoclasm_vaults_loading_screen,
          layout_vaults_big_room, serial_shops, nicolae_lakefront_shop
Vaults:3: minmay_crypt_entry_simple_corners, nicolae_vaults_stairing_the_circle,
          vaults_dpeg_doors, nicolae_vaults_steering_wheel, v_misc_26,
          dpeg_vaults_monster_row, hangedman_vaults_stitches, v_pattern_3,
          nicolae_vaults_little_squares_5, nicolae_vaults_tetromino_L_2,
          nicolae_vaults_double_plus_1, layout_vaults_big_cross
Vaults:4: st_cross, ontoclasm_vaults_ring_large, vaults_mumra_hex,
          vaults_dpeg_encased_lava, v_alt_pattern_6, v_alt_pattern_4,
          nicolae_vaults_trapezoid_lopsided_3, hangedman_vaults_restitches,
          vaults_mumra_lcd, nicolae_vaults_house_2, layout_vaults_ring,
          serial_shops, shop
Vaults:5
Depths:1: minmay_fractal_lines_corner, layout_gridlike, pf_hell_entry_tar_river,
          mu_enter_wizlab_7, kb_rosetta, minmay_shoptagon
Depths:2: nooodl_glass_maze, layout_small_grid, grunt_mini_vestibule,
          serial_sigils, serial_sigils_hangedman_clutch,
          serial_sigils_hangedman_confine, serial_sigils_hangedman_gnaw,
          serial_sigils_hangedman_shear, serial_sigils_hangedman_quiver,
          serial_sigils_hangedman_scratch, grunt_pan_entry_in_and_out,
          chequers_serial_rivers_micro_e, st_stairs_13
Depths:3: minmay_octo_star, layout_cave_shapes, enter_ziggurat_d,
          kennysheep_doodads, abyss_entry_flame_altar,
          grunt_hell_entry_dis_grunt, serial_bayou_shore_b, uniq_vv, uniq_jory,
          uniq_xtahua, uniq_mara
Depths:4: grunt_x_marks_the_spot, layout_basic, serial_sigils_hangedman_snap,
          pf_hell_entry_great_geh, minmay_alternating_orb, uniq_boris
Zot:1:    hangedman_snap_crack_crunch, layout_concentric_octagons
Zot:2:    grunt_zot_stairs_mandelzot, layout_onion_interference
Zot:3:    layout_concentric_octagons
Zot:4:    layout_basic
Zot:5:    layout_onion, nicolae_diode_quadrants

Skill      XL: |  1  2  3  4  5  6  7  8  9 10 11 12 13 14 15 16 17 18 19 20 21 22 23 24 |
---------------+-------------------------------------------------------------------------+-----
Axes           | 3 4 5 7 8 10 12 13 15 16 18 19 20 | 20.1
Armour         | 4 5 6 8 9 10 11 13 14 15 16 17 18 19 20 21 22 23 | 23.2
Shields        | 4 5 6 7 9 10 11 13 14 15 16 17 18 19 20 21 22 | 22.9
Fighting       | 4 5 6 8 9 10 11 13 15 17 18 20 21 23 24 25 27 | 27.0
Invocations    | 1 2 3 5 6 7 8 9 10 11 12 | 12.0
Throwing       | 3 5 7 8 10 11 12 13 14 15 16 | 16.5
Dodging        | 4 7 9 10 11 13 14 16 | 16.3

Action                     |  1- 3 |  4- 6 |  7- 9 | 10-12 | 13-15 | 16-18 | 19-21 | 22-24 || total
---------------------------+-------+-------+-------+-------+-------+-------+-------+-------++-------
  Melee: War axe           |    82 |    92 |   401 |   517 |   152 |       |       |       ||  1244
         Headbutt          |    11 |    19 |    78 |   108 |   138 |   239 |   347 |   315 ||  1255
         Broad axe         |       |       |       |       |   597 |  1175 |  1151 |  1197 ||  4120
         Morningstar       |       |       |       |       |     4 |       |       |       ||     4
   Fire: Hand cannon       |       |       |       |    31 |       |       |       |       ||    31
  Throw: Javelin           |       |       |       |       |       |    50 |    43 |    38 ||   131
 Invoke: Heroism           |       |       |     6 |     6 |    13 |     8 |     7 |    15 ||    55
         Finesse           |       |       |       |     1 |     4 |     3 |     4 |     1 ||    13
         Receive Weapon    |       |       |       |       |     1 |       |       |       ||     1
         Receive Armour    |       |       |       |       |     1 |       |       |       ||     1
         Duel              |       |       |       |       |     1 |       |     2 |       ||     3
  Evoke: Wand              |       |     3 |     4 |     3 |     7 |    11 |       |     2 ||    30
    Use: Scroll            |       |       |    11 |     4 |    23 |    10 |     7 |    18 ||    73
         Potion            |       |       |     3 |     2 |     4 |     5 |     5 |    15 ||    34
   Stab: Paralysed         |       |     4 |       |     2 |       |       |       |       ||     6
 Armour: Scale mail        |    63 |    52 |       |       |       |       |       |       ||   115
         Chain mail        |       |       |   279 |    71 |       |       |       |       ||   350
         Plate armour      |       |       |       |   356 |   496 |   915 |   552 |   931 ||  3250
  Dodge: Dodged            |    42 |    37 |   135 |   133 |   154 |   305 |   171 |   302 ||  1279
         Repelled          |       |       |     2 |       |       |       |       |       ||     2
  Block: Buckler           |    17 |    18 |    28 |       |       |       |       |       ||    63
         Kite shield       |       |       |   134 |   268 |   369 |   309 |       |       ||  1080
         Tower shield      |       |       |       |       |       |   556 |   813 |  1095 ||  2464
         Form:             |       |       |     1 |       |       |       |       |       ||     1
         Storm             |       |       |     1 |       |       |       |       |       ||     1

Table legend: (Time is in decaauts)
 A = Elapsed time spent in this place.
 B = Non-inter-level travel time spent in this place.
 C = Inter-level travel time spent in this place.
 D = Time resting spent in this place.
 E = Time spent auto-exploring this place.
 F = Levels seen in this place.
 G = Mean time per level.
                   A        B        C        D        E       F      G
               +--------+--------+--------+--------+--------+-----+--------+
         Total |  53627 |  46394 |   7233 |   1523 |  34164 |  58 |  924.6 |
       Dungeon |  14102 |  12325 |   1777 |    201 |  10213 |  15 |  940.1 |
        Temple |     22 |      2 |     20 |      0 |      0 |   1 |   22.0 |
          Lair |   5531 |   4733 |    798 |      0 |   3672 |   5 | 1106.2 |
        Shoals |   4191 |   3597 |    594 |      3 |   2339 |   4 | 1047.8 |
     Snake Pit |   4636 |   3987 |    649 |    145 |   3124 |   4 | 1159.0 |
  Orcish Mines |   1584 |   1110 |    474 |      0 |    868 |   2 |  792.0 |
   Elven Halls |   1523 |   1383 |    140 |      0 |   1068 |   2 |  761.5 |
        Vaults |   6490 |   5511 |    979 |    181 |   4039 |   5 | 1298.0 |
        Depths |   5318 |   4741 |    577 |    279 |   3287 |   4 | 1329.5 |
           Zot |   6762 |   5541 |   1221 |    430 |   3901 |   5 | 1352.4 |
         Abyss |    400 |    400 |      0 |     67 |     39 |   3 |  133.3 |
       Ossuary |    452 |    452 |      0 |      0 |    301 |   1 |  452.0 |
        Bailey |    809 |    809 |      0 |      0 |    539 |   1 |  809.0 |
      Ice Cave |    620 |    620 |      0 |      0 |    364 |   1 |  620.0 |
        Wizlab |    671 |    671 |      0 |    217 |    203 |   1 |  671.0 |
      Gauntlet |    435 |    435 |      0 |      0 |    166 |   1 |  435.0 |
         Arena |     75 |     75 |      0 |      0 |     36 |   3 |   25.0 |
               +--------+--------+--------+--------+--------+-----+--------+

Top non-repeatable levels by time:
   Zot:1: 2209 daAuts
Vaults:5: 1792 daAuts
   Zot:2: 1654 daAuts
Depths:4: 1647 daAuts
     D:7: 1521 daAuts
 Snake:4: 1441 daAuts
Vaults:2: 1345 daAuts
  Lair:2: 1323 daAuts
Shoals:4: 1308 daAuts
Depths:1: 1308 daAuts
  Lair:1: 1224 daAuts
     D:5: 1220 daAuts
 Snake:2: 1215 daAuts
Depths:2: 1206 daAuts
Shoals:3: 1162 daAuts
